 Dungeon Crawl Stone Soup version 0.23.2-1-ga50397a (webtiles) character file.

Game seed: 919695602170203763

5705 TheAlmogaver the Thaumaturge (level 10, -5/74 HPs)
             Began as a Gnoll Wizard on May 5, 2019.
             Was a Priest of Vehumet.
             Slain by Prince Ribbit (21 damage)
             ... on level 9 of the Dungeon.
             The game lasted 01:04:17 (10761 turns).

TheAlmogaver the Thaumaturge (Gnoll Wizard)        Turns: 10761, Time: 01:04:18

Health: -5/74      AC:  7    Str: 12    XL:     10   Next: 76%
Magic:  23/23      EV: 16    Int: 23    God:    Vehumet [***...]
Gold:   419        SH:  0    Dex: 14    Spells: 8/27 levels left

rFire    + . .     SeeInvis .   H - +7 hand axe "Itaoladutz" {holy, rElec rC+ Stlth+}
rCold    . . .     Gourm    .   (no shield)
rNeg     + + .     Faith    .   m - +2 robe {rN+}
rPois    .         Spirit   .   b - +0 hat
rElec    +         Reflect  .   z - +2 cloak
rCorr    .         Harm     .   (no gloves)
MR       +....                  (no boots)
Stlth    ++++......             i - macabre finger necklace {rN+}
HPRegen  0.22/turn              w - ring of fire
MPRegen  0.18/turn              q - +2 ring of strength
                                F - ring of protection from magic

@: no status effects
A: distributed training, fangs 1, strong nose
a: Renounce Religion


You were on level 9 of the Dungeon.
You worshipped Vehumet.
Vehumet was most pleased with you.
You were hungry.

You visited 2 branches of the dungeon, and saw 12 of its levels.

You collected 579 gold pieces.
You spent 160 gold pieces at shops.

Inventory:

Hand Weapons
 y - a +2 quarterstaff of chaos
 A - a +2 flail of draining
 H - the +7 hand axe "Itaoladutz" (weapon) {holy, rElec rC+ Stlth+}
   (You bought it in a shop on level 9 of the Dungeon)

   It has been blessed by the Shining One to cause great damage to the undead
   and demons.
   It protects you from cold.
   It insulates you from electricity.
   It makes you more stealthy.
Missiles
 c - 238 stones
 E - 3 silver tomahawks (quivered)
Armour
 b - a +0 hat (worn)
 m - a +2 robe of positive energy (worn)
 z - a +2 cloak (worn)
Jewellery
 i - the macabre finger necklace (around neck) {rN+}
   (You found it on level 5 of the Dungeon)

   [amulet of nothing]

   It protects you from negative energy.
 q - a +2 ring of strength (right hand)
 v - a +4 ring of strength
 w - a ring of fire (left hand)
 F - a ring of protection from magic (on amulet)
Wands
 r - a wand of disintegration (3)
 t - a wand of polymorph (6)
 u - a wand of scattershot (7)
Scrolls
 e - 2 scrolls of blinking
 k - a scroll of teleportation
 n - 2 scrolls of remove curse
 B - a scroll of fear {unknown}
 C - a scroll of immolation {unknown}
 D - a scroll of enchant armour {unknown}
Potions
 a - a potion of curing
 f - a potion of agility
 g - a potion of cancellation
 h - a potion of mutation
 j - a potion of invisibility
 l - a potion of might
 o - 2 potions of ambrosia
 p - 2 potions of haste
 s - 2 potions of flight
 x - 2 potions of brilliance
Comestibles
 d - 12 rations
 G - 4 chunks of flesh


   Skills:
 + Level 5.4 Fighting
 + Level 5.4 Short Blades
 + Level 5.4 Long Blades
 + Level 5.4 Axes
 + Level 5.4 Maces & Flails
 + Level 5.4 Polearms
 + Level 5.4 Staves
 + Level 5.4 Slings
 + Level 5.4 Bows
 + Level 5.4 Crossbows
 + Level 5.4 Throwing
 + Level 5.4 Armour
 + Level 7.2 Dodging
 + Level 7.0 Stealth
 + Level 5.4 Shields
 + Level 5.4 Unarmed Combat
 + Level 9.1 Spellcasting
 + Level 5.0 Conjurations
 + Level 4.5 Hexes
 + Level 4.5 Charms
 + Level 5.0 Summonings
 + Level 4.5 Necromancy
 + Level 5.0 Translocations
 + Level 4.5 Transmutations
 + Level 4.5 Fire Magic
 + Level 4.5 Ice Magic
 + Level 4.5 Air Magic
 + Level 4.5 Earth Magic
 + Level 4.5 Poison Magic
 + Level 6.0 Invocations
 + Level 5.4 Evocations


You had 8 spell levels left.
You knew the following spells:

 Your Spells              Type           Power        Failure   Level  Hunger
a - Magic Dart            Conj           ####         1%          1    None
b - Blink                 Tloc           N/A          1%          2    None
c - Call Imp              Summ           ####....     1%          2    None
d - Conjure Flame         Conj/Fire      #####...     1%          3    None
e - Mephitic Cloud        Conj/Pois/Air  ####....     1%          3    None
f - Animate Skeleton      Necr           N/A          1%          1    None
g - Dazzling Spray        Conj/Hex       ####..       1%          3    None
h - Force Lance           Conj/Tloc      ####....     2%          4    ##.....

Your spell library contained the following spells:

 Spells                   Type           Power        Failure   Level  Hunger
 Apportation              Tloc           ####..       1%          1    None
 Confusing Touch          Hex            ####..       1%          1    None
 Corona                   Hex            ####...      1%          1    None
 Summon Small Mammal      Summ           ####         1%          1    None
 Ensorcelled Hibernation  Hex/Ice        ####..       1%          2    None
 Slow                     Hex            ####....     1%          2    None
 Confuse                  Hex            ####....     3%          3    None
 Tukima's Dance           Hex            ####....     3%          3    None


Dungeon Overview and Level Annotations

Branches:
Dungeon (11/15)            Temple (1/1) D:5            Lair (0/6) D:8
    Orc: D:9-12

Altars:
Ashenzari
Cheibriados
Dithmenos
Fedhas
Gozag
Hepliaklqana
Kikubaaqudgha
Makhleb
Nemelex Xobeh
Okawaru
Qazlal
Ru
Sif Muna
Trog
Uskayaw
Vehumet
Wu Jian
Xom
Yredelemnul
Zin
The Shining One

Shops:
D:9 (

Annotations:
D:3 3 runed translucent doors, dhn's ghost, amateur MiFi
D:5 2 transporters, Paps's ghost, novice TrFi
D:9 Prince Ribbit


Innate Abilities, Weirdness & Mutations

Your experience applies equally to all skills.
You have very sharp teeth.
Your uncanny sense of smell can sniff out nearby items.


Message History

You hit Prince Ribbit. Your bite misses Prince Ribbit.
Prince Ribbit is severely wounded.
Prince Ribbit closely misses you.
Your kobold skeleton hits Prince Ribbit.
Prince Ribbit closely misses you.
Your centaur skeleton misses Prince Ribbit.
Your kobold skeleton closely misses Prince Ribbit.
You slash Prince Ribbit!
Prince Ribbit is almost dead.
Prince Ribbit hits you. Prince Ribbit hits you!!
Your centaur skeleton closely misses Prince Ribbit.
Your kobold skeleton hits Prince Ribbit.
Unknown command.
You miss Prince Ribbit.
Prince Ribbit is almost dead.
Prince Ribbit hits you!!
* * * LOW HITPOINT WARNING * * *
Your centaur skeleton barely misses Prince Ribbit.
Prince Ribbit hits you!!
You die...

..............##
..............# .
..............# #.
..)........<..###.#
......?........##..#####
#....ZZ...............Z.
#..ZF............#..##
#.?@.........##...#
#.#..........#.#...##
#.##......##.#......
..##.#....#.##....###
...#.#.#..#.#.#.....##
......#.##..##.#......##
.......##....##.......##
...............Z........
....................#.


You could see Prince Ribbit (berserk), 2 friendly kobold skeletons and a
friendly centaur skeleton.

Vanquished Creatures
  Pikel (D:4)
  A centaur zombie (D:7)
  Psyche (D:9)
  A hippogriff (D:11)
  A hornet (D:8)
  Grinder (D:5)
  A slime creature (D:6)
  A shadow (D:11)
  Eustachio (D:6)
  2 soldier ants (D:8)
  A water moccasin (D:7)
  A sky beast (D:9)
  2 orc warriors
  2 ice beasts
  5 ogres
  A centaur (D:9)
  A big kobold (D:9)
  Blork the orc (D:5)
  A bullfrog (D:7)
  10 killer bees
  4 howler monkeys (D:8)
  5 crimson imps
  3 hounds
  2 quasits
  6 jellies
  5 orc priests
  A centaur skeleton (D:7)
  Ijyb (D:4)
  2 bullfrog skeletons
  2 iguanas
  4 orc wizards
  4 worker ants
  A hound skeleton (D:4)
  6 adders
  A shadow imp (D:11)
  7 oozes (D:6)
  3 dart slugs
  5 leopard geckos
  12 orcs
  15 bats
  2 giant cockroaches
  3 goblins
  7 hobgoblins
  3 jackals
  5 quokkas
  2 ball pythons (D:3)
  4 frilled lizards
  10 kobolds
  2 leopard gecko zombies
  A quokka skeleton (D:5)
  2 rats
166 creatures vanquished.

Vanquished Creatures (collateral kills)
  Sigmund (D:6)
  Menkaure (D:6)
  An ice beast (D:8)
  A necrophage (D:8)
  An ogre (D:3)
  A bullfrog (D:8)
  A scorpion (D:7)
  A killer bee (D:7)
  A jelly (D:6)
  Crazy Yiuf (D:4)
  2 orc priests
  4 hounds
  2 orc wizards
  Natasha (D:3)
  A worker ant (D:5)
  3 adders
  4 oozes (D:6)
  An adder skeleton (D:4)
  2 worms
  8 orcs
  A giant cockroach (D:3)
  2 jackals (D:4)
  3 quokkas
  3 kobolds
  2 rats (D:3)
49 creatures vanquished.

Vanquished Creatures (others)
  6 fungi (D:6)
6 creatures vanquished.

Grand Total: 221 creatures vanquished

Notes
Turn   | Place    | Note
-------+----------+-------------------------------------------
     0 | D:1      | TheAlmogaver the Gnoll Wizard began the quest for the Orb.
     0 | D:1      | Reached XP level 1. HP: 13/13 MP: 8/8
   119 | D:1      | Reached XP level 2. HP: 19/19 MP: 5/10
   445 | D:1      | Reached XP level 3. HP: 20/25 MP: 5/11
   449 | D:1      | Learned a level 2 spell: Blink
   452 | D:1      | Learned a level 2 spell: Call Imp
   456 | D:1      | Learned a level 3 spell: Conjure Flame
   460 | D:1      | Learned a level 3 spell: Mephitic Cloud
  1120 | D:2      | Reached skill level 1 in Invocations
  1274 | D:2      | Reached skill level 1 in Fighting
  1274 | D:2      | Reached skill level 1 in Short Blades
  1274 | D:2      | Reached skill level 1 in Long Blades
  1274 | D:2      | Reached skill level 1 in Axes
  1274 | D:2      | Reached skill level 1 in Maces & Flails
  1274 | D:2      | Reached skill level 1 in Polearms
  1274 | D:2      | Reached skill level 1 in Staves
  1274 | D:2      | Reached skill level 1 in Slings
  1274 | D:2      | Reached skill level 1 in Bows
  1274 | D:2      | Reached skill level 1 in Crossbows
  1274 | D:2      | Reached skill level 1 in Throwing
  1274 | D:2      | Reached skill level 1 in Armour
  1274 | D:2      | Reached skill level 1 in Shields
  1274 | D:2      | Reached skill level 1 in Unarmed Combat
  1274 | D:2      | Reached skill level 1 in Evocations
  1341 | D:2      | Reached XP level 4. HP: 20/32 MP: 4/13
  1587 | D:2      | Found a sparkling altar of Nemelex Xobeh.
  1863 | D:3      | Found a runed translucent gate.
  1863 | D:3      | Found a runed translucent gate.
  1863 | D:3      | Found a runed translucent gate.
  1876 | D:3      | Noticed dhn's ghost (amateur MiFi)
  1965 | D:3      | Noticed an ogre
  1982 | D:3      | Killed an ogre
  1982 | D:3      | Reached skill level 1 in Hexes
  1982 | D:3      | Reached skill level 1 in Charms
  1982 | D:3      | Reached skill level 1 in Necromancy
  1982 | D:3      | Reached skill level 1 in Transmutations
  1982 | D:3      | Reached skill level 1 in Fire Magic
  1982 | D:3      | Reached skill level 1 in Ice Magic
  1982 | D:3      | Reached skill level 1 in Air Magic
  1982 | D:3      | Reached skill level 1 in Earth Magic
  1982 | D:3      | Reached skill level 1 in Poison Magic
  1982 | D:3      | Reached XP level 5. HP: 30/37 MP: 4/14
  2098 | D:3      | Noticed Natasha
  2365 | D:3      | Killed Natasha
  2773 | D:3      | Found an opulent altar of Gozag.
  2904 | D:4      | Reached XP level 6. HP: 44/44 MP: 2/16
  3041 | D:4      | Noticed Ijyb
  3230 | D:3      | Reached skill level 5 in Dodging
  3253 | D:4      | Killed Ijyb
  3370 | D:4      | Found a runed translucent door.
  3371 | D:4      | Noticed Crazy Yiuf
  3379 | D:4      | Killed Crazy Yiuf
  3437 | D:4      | Noticed a slave
  3448 | D:4      | Noticed a slave
  3448 | D:4      | Noticed a slave
  3461 | D:4      | Noticed Pikel
  3633 | D:4      | Noticed a slave
  3650 | D:4      | Killed Pikel
  3650 | D:4      | Reached skill level 5 in Stealth
  3650 | D:4      | Reached XP level 7. HP: 11/51 MP: 7/18
  3887 | D:4      | Found a basalt altar of Yredelemnul.
  4000 | D:4      | Reached XP level 8. HP: 57/57 MP: 8/19
  4217 | D:5      | Entered Level 5 of the Dungeon
  4248 | D:5      | Found a staircase to the Ecumenical Temple.
  4253 | D:5      | Found the macabre finger necklace {rN+}
  4293 | Temple   | Entered the Ecumenical Temple
  4301 | Temple   | Became a worshipper of Vehumet
  4521 | D:5      | Noticed Grinder
  4744 | D:5      | Noticed Blork the orc
  4758 | D:5      | Found a transporter.
  4764 | D:5      | Killed Blork the orc
  4821 | D:5      | Noticed Paps's ghost (novice TrFi)
  4838 | D:5      | Found a transporter.
  5089 | D:5      | Learned a level 1 spell: Animate Skeleton
  5239 | D:5      | Found a glowing golden altar of the Shining One.
  5448 | D:5      | Killed Grinder
  5578 | D:5      | Reached skill level 8 in Spellcasting
  5791 | D:6      | Noticed Eustachio
  5808 | D:6      | Noticed Sigmund
  5819 | D:6      | Killed Eustachio
  5935 | D:6      | Killed Sigmund
  6005 | D:6      | Noticed Menkaure
  6013 | D:6      | Killed Menkaure
  6219 | D:6      | Reached XP level 9. HP: 50/65 MP: 17/21
  6349 | D:6      | Found a shadowy altar of Dithmenos.
  6483 | D:6      | Reached * piety under Vehumet
  6483 | D:6      | Offered knowledge of Sandblast by Vehumet.
  7747 | D:7      | Reached skill level 5 in Invocations
  8054 | D:8      | Learned a level 3 spell: Dazzling Spray
  8060 | D:8      | Found a staircase to the Lair.
  8087 | D:8      | Reached ** piety under Vehumet
  8087 | D:8      | Offered knowledge of Searing Ray by Vehumet.
  8167 | D:8      | Noticed a hornet
  8175 | D:8      | Reached XP level 10. HP: 73/73 MP: 18/22
  8183 | D:8      | Paralysed by a hornet for 3 turns
  9205 | D:8      | You fall through a shaft for 3 floors!
  9239 | D:11     | Reached skill level 5 in Fighting
  9239 | D:11     | Reached skill level 5 in Short Blades
  9239 | D:11     | Reached skill level 5 in Long Blades
  9239 | D:11     | Reached skill level 5 in Axes
  9239 | D:11     | Reached skill level 5 in Maces & Flails
  9239 | D:11     | Reached skill level 5 in Polearms
  9239 | D:11     | Reached skill level 5 in Staves
  9239 | D:11     | Reached skill level 5 in Slings
  9239 | D:11     | Reached skill level 5 in Bows
  9239 | D:11     | Reached skill level 5 in Crossbows
  9239 | D:11     | Reached skill level 5 in Throwing
  9239 | D:11     | Reached skill level 5 in Armour
  9239 | D:11     | Reached skill level 5 in Shields
  9239 | D:11     | Reached skill level 5 in Unarmed Combat
  9239 | D:11     | Reached skill level 5 in Evocations
  9476 | D:11     | Offered knowledge of Stone Arrow by Vehumet.
  9477 | D:11     | Noticed a gargoyle
  9488 | D:10     | Entered Level 10 of the Dungeon
 10048 | D:8      | Found a stormy altar of Qazlal.
 10398 | D:8      | Reached skill level 9 in Spellcasting
 10415 | D:8      | Reached *** piety under Vehumet
 10443 | D:9      | Found Ytsoa's Antique Weapon Shop.
 10453 | D:9      | Bought a dazzling hand axe for 160 gold pieces
 10453 | D:9      | Identified the +7 hand axe "Itaoladutz" {holy, rElec rC+
                  | Stlth+} (You bought it in a shop on level 9 of the Dungeon)
 10598 | D:9      | Offered knowledge of Force Lance by Vehumet.
 10598 | D:9      | Reached skill level 5 in Conjurations
 10598 | D:9      | Reached skill level 5 in Summonings
 10598 | D:9      | Reached skill level 5 in Translocations
 10643 | D:9      | Noticed Psyche
 10666 | D:9      | Killed Psyche
 10738 | D:9      | Learned a level 4 spell: Force Lance
 10742 | D:9      | Noticed Prince Ribbit
 10761 | D:9      | Slain by Prince Ribbit

Skill      XL: |  1  2  3  4  5  6  7  8  9 10 |
---------------+-------------------------------+-----
Conjurations   | 2 3 4 5 |  5.0
Summonings     | 2 3 4 5 |  5.0
Translocations | 2 3 4 5 |  5.0
Invocations    | 1 3 4 5 6 |  6.0
Fighting       | 1 2 3 4 5 |  5.4
Short Blades   | 1 2 3 4 5 |  5.4
Long Blades    | 1 2 3 4 5 |  5.4
Axes           | 1 2 3 4 5 |  5.4
Maces & Flails | 1 2 3 4 5 |  5.4
Polearms       | 1 2 3 4 5 |  5.4
Staves         | 1 2 3 4 5 |  5.4
Slings         | 1 2 3 4 5 |  5.4
Bows           | 1 2 3 4 5 |  5.4
Crossbows      | 1 2 3 4 5 |  5.4
Throwing       | 1 2 3 4 5 |  5.4
Armour         | 1 2 3 4 5 |  5.4
Shields        | 1 2 3 4 5 |  5.4
Unarmed Combat | 1 2 3 4 5 |  5.4
Evocations     | 1 2 3 4 5 |  5.4
Hexes          | 1 2 3 4 |  4.5
Charms         | 1 2 3 4 |  4.5
Necromancy     | 1 2 3 4 |  4.5
Transmutations | 1 2 3 4 |  4.5
Fire Magic     | 1 2 3 4 |  4.5
Ice Magic      | 1 2 3 4 |  4.5
Air Magic      | 1 2 3 4 |  4.5
Earth Magic    | 1 2 3 4 |  4.5
Poison Magic   | 1 2 3 4 |  4.5
Dodging        | 5 6 7 |  7.2
Stealth        | 5 6 7 |  7.0
Spellcasting   | 8 9 |  9.1

Action                   |  1- 3 |  4- 6 |  7- 9 | 10-12 || total
-------------------------+-------+-------+-------+-------++-------
Melee: Short sword       |       |    30 |       |       ||    30
       Bite              |       |     5 |     9 |    17 ||    31
       Quarterstaff      |       |    13 |   126 |    78 ||   217
       Punch             |       |     1 |       |     2 ||     3
       Hand axe          |       |       |       |    62 ||    62
 Cast: Magic Dart        |    65 |    55 |    22 |    11 ||   153
       Call Imp          |     3 |    26 |    60 |    33 ||   122
       Mephitic Cloud    |       |    10 |    24 |    13 ||    47
       Blink             |       |     6 |     1 |     1 ||     8
       Conjure Flame     |       |     1 |     6 |     7 ||    14
       Dazzling Spray    |       |       |     4 |    15 ||    19
       Animate Skeleton  |       |       |     1 |    17 ||    18
Evoke: Wand              |       |     5 |    16 |    28 ||    49
  Use: Scroll            |       |       |    14 |     5 ||    19
       Potion            |       |       |     1 |     2 ||     3
 Stab: Confused          |       |     3 |     5 |     1 ||     9
       Distracted        |       |     2 |     2 |       ||     4
       Sleeping          |       |       |     3 |     2 ||     5
       Paralysed         |       |       |       |     1 ||     1
  Eat: Chunk             |     1 |     7 |     7 |     1 ||    16
       Ration            |       |       |     2 |     2 ||     4
Armor: Robe              |     1 |    12 |    23 |    48 ||    84
Dodge: Dodged            |     9 |    79 |    77 |   113 ||   278
